 Dungeon Crawl Stone Soup version 0.26.1-11-gd32895ea62 (webtiles) character file.

Game seed: 5580333305645852412

506 jlumianski the Caller (level 6, -3/24 HPs)
             Began as a Felid Summoner on June 2, 2021.
             Hit by a stone thrown by an orc warrior (15 damage)
             ... on level 7 of the Dungeon.
             The game lasted 01:01:22 (12687 turns).

jlumianski the Caller (Felid Summoner)             Turns: 12687, Time: 01:01:23

Health: -3/24      AC:  2    Str: 10    XL:     6   Next: 97%
Magic:  6/15       EV: 19    Int: 19    God:
Gold:   400        SH:  0    Dex: 16    Spells: 7/16 levels left
                                        Lives:  0   Deaths: 2

rFire    . . .     SeeInvis +   (weapon unavailable)
rCold    . . .     Faith    .   (shield unavailable)
rNeg     . . .     Spirit   .   (armour unavailable)
rPois    .         Reflect  .   (helmet unavailable)
rElec    .         Harm     .   (cloak unavailable)
rCorr    .         Rampage  .   (gloves unavailable)
Will     .....                  (boots unavailable)
Stlth    +++.......             (no amulet)
HPRegen  0.08/turn              k - +6 ring of strength
MPRegen  0.14/turn              (no ring)

@: quick
A: very small, no armour, no weapons or thrown items, stealth, claws 1, fangs 3,
see invisible, speed 1, shaggy fur 2, sharp paws
a: no special abilities


You were on level 7 of the Dungeon.
You visited 2 branches of the dungeon, and saw 8 of its levels.

You collected 400 gold pieces.

Inventory:

Jewellery
 e - a cursed -4 ring of slaying
 k - a +6 ring of strength (left paw)
 q - an uncursed amulet of inaccuracy
 w - an uncursed amulet of guardian spirit
Wands
 p - a wand of random effects (28)
 s - a wand of paralysis (7)
Scrolls
 c - 4 scrolls of teleportation
 g - a scroll of fear
 l - 3 scrolls of amnesia
 n - 2 scrolls of immolation
 o - 2 scrolls of remove curse
 u - a scroll of magic mapping {unknown}
Potions
 a - 4 potions of brilliance
 b - a potion of cancellation {unknown}
 d - a potion of might {unknown}
 f - 2 potions of flight
 h - a potion of resistance {unknown}
 i - 2 potions of degeneration
 j - a potion of mutation {unknown}
 m - a potion of attraction {unknown}
 r - a potion of magic {unknown}
 v - a potion of curing {unknown}


   Skills:
 * Level 4.3 Dodging
 + Level 4.2 Stealth
 + Level 0.4 Unarmed Combat
 + Level 5.8 Spellcasting
 + Level 1.2 Hexes
 + Level 7.4 Summonings


You had 7 spell levels left.
You knew the following spells:

 Your Spells              Type           Power        Failure   Level
a - Summon Small Mammal   Summ           100%         1%          1
b - Call Imp              Summ           33%          1%          2
c - Call Canine Familiar  Summ           33%          1%          3
d - Summon Guardian Gole  Hex/Summ       22%          6%          3

Your spell library contained the following spells:

 Spells                   Type           Power        Failure   Level
 Summon Ice Beast         Ice/Summ       19%          24%         4
 Summon Lightning Spire   Summ/Air       19%          24%         4


Dungeon Overview and Level Annotations

Branches:
Dungeon (7/15)             Temple (1/1) D:5

Altars:
Ashenzari
Cheibriados
Dithmenos
Elyvilon
Fedhas
Gozag
Kikubaaqudgha
Okawaru
Qazlal
Ru
Sif Muna
Trog
Uskayaw
Vehumet
Xom
Yredelemnul
Zin
The Shining One


Innate Abilities, Weirdness & Mutations

You cannot wear armour.
You are incapable of wielding weapons or throwing items.
Your paws allow you to move quietly. (Stealth)
You have sharp claws.
You have razor-sharp teeth.
You have supernaturally acute eyesight. (SInv)
You cover ground quickly.
You are covered in thick fur. (AC +2)
Your sharp claws are effective at attacking unaware monsters.


Message History

The stone misses you.
Your crimson imp blinks!
The orc warrior throws a stone.
The stone closely misses your white imp.
The stone barely misses you.
The orc warrior throws a stone.
The stone closely misses your white imp.
The stone hits you!
Ouch! That really hurt!
The orc warrior hits your white imp with a +0 scimitar!!
Your white imp dies!
Your crimson imp blinks!
There is an open door here.
Things that are here:
a +1 battleaxe; a +0 robe
Casting: Call Imp (safe; 1% risk of failure)
Confirm with . or Enter, or press ? or * to list all spells.
The orc warrior throws a stone.
The stone hits you!
Ouch! That really hurt!
You die...

.# ##.###### #.# #รท# #o#
#.# #.# ##'## # #.#
##...## #. ###.#
##.>...## .##.##.#.#
##....h..##
.......((###.........####
###....(.o.'....@....'...
#....(####.........####
####..# ##.......## ##.#
##.....## #)# ##...## #(#
##'## #.# #.# #.# #.# #)#
##.####


You could see an orc warrior and a friendly hound (summoned).

Vanquished Creatures
  2 centaurs
  A hound (D:7)
  An adder (D:2)
  An ufetubus (D:7)
  An ooze (D:1)
  An adder skeleton (D:7)
  A bat (D:3)
  A giant cockroach (D:6)
  A goblin (D:1)
  3 jackals (D:1)
  A quokka (D:3)
  3 kobolds
  2 rats (D:1)
19 creatures vanquished.

Vanquished Creatures (collateral kills)
  Edmund (D:4)
  2 phantoms (D:5)
  An ogre (D:4)
  Blork the orc (D:4)
  A bullfrog (D:6)
  A water moccasin zombie (D:6)
  9 wights
  2 orc priests (D:6)
  4 orc wizards
  A bullfrog skeleton (D:7)
  A hound (D:4)
  3 iguanas
  Ijyb (D:5)
  2 worker ants
  A hound skeleton (D:6)
  A howler monkey zombie (D:5)
  A worker ant zombie (D:6)
  A river rat (D:6)
  5 adders
  2 shadow imps (D:6)
  2 white imps
  An ufetubus (D:5)
  An ooze (D:2)
  3 worms
  12 dart slugs (D:5)
  4 leopard geckos
  30 orcs
  3 giant cockroaches
  3 goblins (D:1)
  10 hobgoblins
  4 jackals
  A quokka (D:5)
  9 bats
  7 frilled lizards
  4 kobolds
  2 rats (D:1)
137 creatures vanquished.

Vanquished Creatures (others)
  An orc warrior (D:6)
  A phantom (D:7)
  2 ice beasts
  A wight (D:6)
  An orc (D:6)
  A frilled lizard (D:2)
  2 plants (D:5)
9 creatures vanquished.

Grand Total: 165 creatures vanquished

Notes
Turn   | Place    | Note
-------+----------+-------------------------------------------
     0 | D:1      | jlumianski the Felid Summoner began the quest for the Orb.
     0 | D:1      | Reached XP level 1. HP: 7/7 MP: 4/4
   607 | D:1      | Reached XP level 2. HP: 11/11 MP: 0/6
   610 | D:1      | Learned a level 2 spell: Call Imp
  2120 | D:1      | Reached XP level 3. HP: 14/14 MP: 3/7
  2251 | D:1      | Learned a level 3 spell: Call Canine Familiar
  3159 | D:2      | Found a radiant altar of Vehumet.
  3465 | D:2      | Found a shadowy altar of Dithmenos.
  4190 | D:3      | Found a broken altar of Ashenzari.
  4551 | D:3      | Reached XP level 4. HP: 18/18 MP: 1/9
  4673 | D:3      | Found a glowing golden altar of the Shining One.
  4721 | D:3      | Found a stormy altar of Qazlal.
  4830 | D:3      | Found a blossoming altar of Fedhas.
  4830 | D:3      | Found an ancient bone altar of Kikubaaqudgha.
  5451 | D:4      | Noticed Blork the orc
  5468 | D:4      | Killed Blork the orc
  5590 | D:4      | Reached skill level 5 in Summonings
  5792 | D:4      | Reached XP level 5. HP: 21/21 MP: 8/11
  5833 | D:4      | Noticed an ogre
  5837 | D:4      | Killed an ogre
  6074 | D:4      | Noticed Edmund
  6208 | D:4      | Killed Edmund
  6209 | D:4      | Gained mutation: You are covered in thick fur. (AC +2)
                  | [Felid growth]
  6209 | D:4      | Reached XP level 6. HP: 24/24 MP: 1/13
  6617 | D:5      | Entered Level 5 of the Dungeon
  6694 | D:5      | Found a staircase to the Ecumenical Temple.
  6711 | Temple   | Entered the Ecumenical Temple
  7135 | D:5      | Reached skill level 6 in Summonings
  7856 | D:5      | Noticed Ijyb
  7866 | D:5      | Killed Ijyb
  8925 | D:5      | Found a sacrificial altar of Ru.
  8968 | D:5      | Reached XP level 7. HP: 27/27 MP: 5/15
  9224 | D:6      | Killed by an exploding a hound... exploding inner flame
  9225 | D:6      | Reached XP level 6. HP: -14/24 MP: 10/14
  9239 | D:6      | Noticed an orc warrior
  9890 | D:6      | Reached skill level 5 in Spellcasting
  9956 | D:6      | Learned a level 3 spell: Summon Guardian Golem
 10379 | D:6      | Noticed an ice beast
 10399 | D:6      | Killed an ice beast
 10518 | D:6      | Killed an orc warrior
 10577 | D:6      | Reached skill level 7 in Summonings
 10797 | D:6      | Reached XP level 7. HP: 19/27 MP: 4/15
 11592 | D:7      | Reached skill level 1 in Hexes
 11775 | D:7      | Shot with an arrow by a centaur
 11776 | D:7      | Reached XP level 6. HP: -2/24 MP: 6/15
 12584 | D:7      | Noticed an orc warrior
 12687 | D:7      | Hit by a stone thrown by an orc warrior

Illustrated notes

Levels and vault maps discovered:
D:1:      wheals_arrival_shading, layout_loops_ring, minmay_small_reverse_x
D:2:      layout_basic, nicolae_dithmenos_through_a_glass_darkly,
          fiery_altar_vehumet
D:3:      layout_basic, grunt_temple_overflow_growth_and_decay,
          overflow_temple_1_default, evilmike_ruin_ashenzari, tso_oasis_becter,
          hangedman_decor_points
D:4:      layout_loops_ring, minmay_manual_maat, uniq_edmund, uniq_blork_the_orc
D:5:      kennysheep_slugbush, layout_layer_cave, lemuel_coloured_pillars_altar,
          minmay_temple_entry_gardened_gates, st_stairs_8, uniq_ijyb
D:6:      layout_loops_ring, cheibrodos_sewer_entry_sluice
D:7:      layout_loops_corners
Temple:   eino_wide_crystal_templ

Skill      XL: |  1  2  3  4  5  6  7 |
---------------+----------------------+-----
Stealth        | 3 4 |  4.2
Spellcasting   | 3 4 5 |  5.8
Summonings     | 5 7 |  7.4
Dodging        | 4 |  4.3
Hexes          | 1 |  1.2
Unarmed Combat | |  0.4

Action                   |  1- 3 |  4- 6 |  7- 9 || total
-------------------------+-------+-------+-------++-------
Melee: Unarmed           |    34 |    35 |    20 ||    89
       Bite              |     1 |     2 |     3 ||     6
 Cast: Summon Small Mamm |   103 |    84 |     4 ||   191
       Call Imp          |    42 |   102 |    17 ||   161
       Call Canine Famil |       |    49 |     8 ||    57
       Summon Guardian G |       |    12 |     3 ||    15
  Use: Scroll            |     8 |     5 |     3 ||    16
       Potion            |     2 |     1 |       ||     3
 Stab: Sleeping          |     9 |     5 |     1 ||    15
       Distracted        |     1 |       |       ||     1
Armor: Skin              |     8 |     1 |     2 ||    11
Dodge: Dodged            |    62 |    62 |    25 ||   149
